 Dungeon Crawl Stone Soup version 0.23.2-33-g5129a83184 (webtiles) character file.

Game seed: 5223210532286773161

15020 Kold the Transmogrifier (level 12, -14/94 HPs)
             Began as an Octopode Transmuter on July 20, 2019.
             Was a High Priest of Cheibriados.
             Demolished by a reaper
             ... wielding a +1 scythe of freezing
              (26 damage)
             ... in an ice cave.
             The game lasted 00:32:31 (13651 turns).

Kold the Transmogrifier (Octopode Transmuter)      Turns: 13651, Time: 00:32:32

Health: -14/94     AC: 16    Str: 29    XL:     12   Next: 22%
Magic:  18/18      EV: 19    Int: 34    God:    Cheibriados [*****.]
Gold:   254        SH:  0    Dex: 24    Spells: 5/19 levels left

rFire    x . .     SeeInvis .     - Unarmed
rCold    + + +     Gourm    .   (shield currently unavailable)
rNeg     + . .     Faith    .   (helmet currently unavailable)
rPois    +         Spirit   .   (no amulet)
rElec    .         Reflect  .   i - +4 ring of protection
rCorr    .         Harm     .   o - +4 ring of protection
MR       .....                  p - ring of positive energy
Stlth    +++.......             z - +1 ring of evasion
HPRegen  0.25/turn              A - ring of wizardry
MPRegen  0.16/turn              l - +3 ring of intelligence
                                H - ring of poison resistance
                                (no ring)

@: ice-form, very slow
A: large, almost no armour, stealthy swim, amphibious, 8 rings, (constrict 8),
rugged brown scales 1, clever 1, clumsy 1, sense surroundings 1
a: End Transformation, Bend Time, Temporal Distortion, Slouch, Step From Time,
Renounce Religion


You were in an ice cave.
You worshipped Cheibriados.
Cheibriados was extremely pleased with you.
You were not hungry.
You were a creature of crystalline ice.
You visited 3 branches of the dungeon, and saw 14 of its levels.
You also visited: Sewer and Ice Cave.

You collected 774 gold pieces.
You spent 520 gold pieces at shops.

Inventory:

Missiles
 a - 276 arrows
Armour
 b - a +1 hat (melded)
 e - a +1 buckler of protection
Jewellery
 i - a +4 ring of protection (left front paw)
 l - a +3 ring of intelligence (on tentacle)
 o - a +4 ring of protection (right front paw)
 p - a ring of positive energy (on tentacle)
 z - a +1 ring of evasion (on tentacle)
 A - a ring of wizardry (on tentacle)
 H - a ring of poison resistance (on tentacle)
Wands
 n - a wand of iceblast (18)
 s - a wand of paralysis (16)
 t - a wand of acid (25)
 B - a wand of flame (5)
 E - a wand of polymorph (10)
Scrolls
 d - 11 scrolls of remove curse
 f - a scroll of vulnerability
 h - 6 scrolls of identify
 j - a scroll of blinking
 q - a scroll of amnesia
 r - 2 scrolls of immolation {unknown}
 y - 3 scrolls of magic mapping
 D - 3 scrolls of teleportation
 G - a scroll of enchant weapon {unknown}
Potions
 g - 9 potions of curing
 k - 2 potions of agility
 m - a potion of ambrosia
 u - a potion of cancellation
 v - 2 potions of might
 x - 2 potions of flight
 C - a potion of resistance
Comestibles
 c - 26 rations


   Skills:
 - Level 5.0 Fighting
 + Level 9.0 Dodging
 - Level 4.0 Stealth
 - Level 9.0 Unarmed Combat
 - Level 4.0 Spellcasting
 - Level 11.0 Transmutations
 - Level 1.0 Ice Magic
 - Level 3.0 Poison Magic
 + Level 8.7 Invocations


You had 5 spell levels left.
You knew the following spells:

 Your Spells              Type           Power        Failure   Level  Hunger
a - Blade Hands           Tmut           ######....   1%          5    #####..
b - Spider Form           Tmut/Pois      ######....   1%          3    #......
c - Sticks to Snakes      Tmut           ######..     1%          2    None
d - Ice Form              Ice/Tmut       #####...     1%          4    ###....

Your spell library contained the following spells:

 Spells                   Type           Power        Failure   Level  Hunger
 Beastly Appendage        Tmut           ######       1%          1    None
 Confusing Touch          Hex            #.....       1%          1    None
 Petrify                  Tmut/Erth      #####...     1%          4    ###....
 Confuse                  Hex            #.......     6%          3    #......
 Gell's Gravitas          Tloc           #.........   6%          3    #......
 Yara's Violent Unravell  Hex/Tmut       #####.....   6%          5    #####..
 Venom Bolt               Conj/Pois      ###.......   28%         5    #####..
 Metabolic Englaciation   Hex/Ice        ##........   38%         5    #####..
 Bolt of Magma            Conj/Fire/Erth #.........   45%         5    #####..
 Iskenderun's Battlesphe  Conj/Chrm      #.......     45%         5    #####..
 Iron Shot                Conj/Erth      #.........   95%         6    ######.
 Orb of Destruction       Conj           #.........   100%        7    #######
 Spellforged Servitor     Conj/Summ      #.........   100%        7    #######


Dungeon Overview and Level Annotations

Branches:
Dungeon (11/15)            Temple (1/1) D:7            Lair (2/6) D:9
    Orc (0/2) D:10
  Swamp: Lair:2-4    Shoals: Lair:2-4     Snake: Lair:2-4    Spider: Lair:2-4

Altars:
Cheibriados
Elyvilon
Fedhas
Gozag
Hepliaklqana
Kikubaaqudgha
Makhleb
Nemelex Xobeh
Okawaru
Qazlal
Sif Muna
Trog
Uskayaw
Vehumet
Wu Jian
Xom
Yredelemnul
Zin
The Shining One

Shops:
D:5 ?   D:8 [   D:11 ?


Innate Abilities, Weirdness & Mutations

You cannot wear most types of armour.
You are very stealthy in the water. (Stealth+)
You are amphibious.
You can wear up to eight rings at the same time.
((You can use your tentacles to constrict eight enemies at once.))
((Your skin changes colour to match your surroundings (Stealth+).))
((Your rubbery body absorbs attacks. (AC +1, EV +1)))
(You are partially covered in rugged brown scales. (AC +1, +3% HP))
Your mind is acute. (Int +2)
You are clumsy. (Dex -2)
You passively map a small area around you.


Message History

* * * LOW HITPOINT WARNING * * *
The ice devil closely misses you. The ice devil hits you.
* * * LOW HITPOINT WARNING * * *
The ice devil freezes you. You resist.
* * * LOW HITPOINT WARNING * * *
You feel much better.
You are engulfed in freezing vapours.
You resist.
* * * LOW HITPOINT WARNING * * *
Your surroundings suddenly seem different.
Found a runed demon trident and an executioner's axe of freezing.
The helpless reaper fails to defend itself.
You hit the reaper. You freeze the reaper.
The reaper is lightly wounded.
The reaper hits you with a +1 scythe of freezing!
* * * LOW HITPOINT WARNING * * *
The reaper freezes you.
* * * LOW HITPOINT WARNING * * *
You hit the reaper but do no damage.
The reaper is lightly wounded.
The reaper hits you with a +1 scythe of freezing!!
You die...

#○.......# #.○ ###*
###°......###.. #..
*#§§#.#.....#≈.# .)
##○§#.##......## ..
#§○§#☼☼###....##
#.##§☼§§○○..#○..###
##.#§§.○○○○§.#§..#
#
#/.#..####○○.#°°§#
#
#}2Y.....○.§§§§§.#
#
#|.#......○.○°#§§#
#
##.#.#..#.#☼.##§##
# #.###..#.##.#§°#
# *..,#..##§§#.§44#
## *.)
##.#.§§##§§##≈#.
#.. ## .°§§§§§#≈ #.
###* ≈#§§°§☼§## ##.
* §.§§# #..


You could see a reaper.

Vanquished Creatures
  A two-headed ogre (D:9)
  A black mamba (Lair:1)
  2 ice statues (IceCv)
  2 spiny frogs
  5 ice devils (IceCv)
  2 komodo dragons
  A troll (D:10)
  A hornet (D:9)
  A hippogriff (Lair:1)
  Sigmund (D:2)
  17 yaks
  A wyvern (D:11)
  2 hungry ghosts
  2 wargs (D:10)
  7 porcupines
  3 water moccasins
  2 soldier ants (D:9)
  3 orc warriors
  A black bear (D:9)
  2 eyes of draining
  2 ice beasts
  3 phantoms
  3 sky beasts
  2 ogres
  6 centaurs
  2 necrophages
  2 crocodiles
  3 big kobolds
  Blork the orc (D:6)
  10 bullfrogs
  A water moccasin zombie (D:7)
  3 scorpions
  A wyvern skeleton (D:9)
  16 killer bees
  A lava snake (Lair:1)
  A jelly (D:6)
  5 howler monkeys
  3 bullfrog zombies
  3 orc priests
  A bullfrog skeleton (D:5)
  5 hounds
  7 orc wizards
  Natasha (thrice) (D:3)
  Terence (D:2)
  A centaur skeleton (D:7)
  4 iguanas
  11 worker ants
  2 hound zombies
  A human simulacrum (D:9)
  3 worker ant zombies
  7 gnolls
  13 adders
  4 river rats
  A shadow imp (D:11)
  22 white imps
  5 ufetubi (IceCv)
  4 oozes
  2 adder skeletons
  3 worms
  A dart slug (D:2)
  11 leopard geckos
  31 orcs
  9 bats
  10 giant cockroaches
  11 goblins
  A hobgoblin (D:1)
  19 jackals
  36 kobolds
  6 quokkas
  6 ball pythons
  3 frilled lizards
  2 jackal skeletons
  A leopard gecko skeleton (D:4)
  A quokka skeleton (D:4)
  A quokka zombie (D:4)
  30 rats
404 creatures vanquished.

Vanquished Creatures (collateral kills)
  An orc warrior (D:7)
  2 orcs (D:7)
3 creatures vanquished.

Vanquished Creatures (others)
  3 yaks (D:9)
  A human (D:2)
  A human simulacrum (D:9)
  3 white imps (IceCv)
  3 ufetubi (IceCv)
  33 fungi (D:9)
  24 plants (D:9)
68 creatures vanquished.

Grand Total: 475 creatures vanquished

Notes
Turn   | Place    | Note
-------+----------+-------------------------------------------
     0 | D:1      | Kold the Octopode Transmuter began the quest for the Orb.
     0 | D:1      | Reached XP level 1. HP: 13/13 MP: 3/3
   187 | D:1      | Reached skill level 1 in Stealth
   187 | D:1      | Reached XP level 2. HP: 18/18 MP: 3/5
   400 | D:1      | Reached XP level 3. HP: 18/23 MP: 6/6
   916 | D:2      | Noticed a phantom
   986 | D:3      | Noticed Natasha
   996 | D:3      | Killed Natasha
   996 | D:3      | Reached XP level 4. HP: 21/28 MP: 5/7
  1315 | D:2      | Noticed Sigmund
  1552 | D:3      | Reached skill level 3 in Transmutations
  1552 | D:3      | Reached XP level 5. HP: 33/33 MP: 6/8
  1560 | D:3      | Learned a level 3 spell: Spider Form
  1563 | D:3      | Learned a level 2 spell: Sticks to Snakes
  1892 | D:3      | Noticed Natasha
  1902 | D:3      | Killed Natasha
  2119 | D:4      | Reached XP level 6. HP: 23/38 MP: 7/9
  2477 | D:3      | Noticed Natasha
  2484 | D:3      | Killed Natasha
  2686 | D:4      | Reached skill level 1 in Poison Magic
  3166 | D:4      | Found an ancient bone altar of Kikubaaqudgha.
  3166 | D:4      | Found a sparkling altar of Nemelex Xobeh.
  3239 | D:5      | Entered Level 5 of the Dungeon
  3388 | D:5      | Noticed a sky beast
  3402 | D:5      | Killed a sky beast
  3402 | D:5      | Reached skill level 4 in Transmutations
  3402 | D:5      | Reached XP level 7. HP: 33/43 MP: 8/10
  3518 | D:5      | Found a sparkling altar of Nemelex Xobeh.
  3837 | D:5      | Reached skill level 5 in Transmutations
  3855 | D:5      | Reached skill level 5 in Unarmed Combat
  3980 | D:5      | Found Tixa Hecuwyo's Magic Scroll Shoppe.
  4262 | D:6      | Reached XP level 8. HP: 45/48 MP: 9/11
  4271 | D:6      | Noticed Blork the orc
  4287 | D:6      | Reached skill level 6 in Transmutations
  4533 | D:6      | Found a glowing drain.
  4537 | Sewer    | Entered a sewer
  5114 | D:6      | Reached skill level 7 in Transmutations
  5693 | D:6      | Killed Blork the orc
  5693 | D:6      | Reached skill level 8 in Transmutations
  5693 | D:6      | Reached XP level 9. HP: 41/53 MP: 6/12
  5702 | D:6      | Learned a level 5 spell: Blade Hands
  5971 | D:7      | Found a staircase to the Ecumenical Temple.
  5983 | Temple   | Entered the Ecumenical Temple
  6014 | Temple   | Became a worshipper of Cheibriados the Contemplative
  6051 | D:7      | Reached skill level 9 in Transmutations
  6974 | D:7      | Reached * piety under Cheibriados
  7671 | D:2      | Reached skill level 10 in Transmutations
  7690 | D:2      | Killed Sigmund
  7759 | D:2      | Found a basalt altar of Yredelemnul.
  7766 | D:2      | Found a glowing golden altar of the Shining One.
  7792 | D:2      | Noticed a profane servitor
  7912 | D:2      | Noticed Terence
  7917 | D:2      | Killed Terence
  7919 | D:2      | Reached ** piety under Cheibriados
  7926 | D:2      | Found an ancient bone altar of Kikubaaqudgha.
  8016 | D:2      | Noticed an angel
  8132 | D:8      | Reached XP level 10. HP: 58/58 MP: 7/13
  8458 | D:8      | Found Yfulydgh's Antique Armour Boutique.
  8799 | D:8      | Reached *** piety under Cheibriados
  8811 | D:8      | Reached skill level 11 in Transmutations
  9348 | D:9      | Reached skill level 1 in Invocations
  9376 | D:9      | Reached skill level 5 in Dodging
  9379 | D:9      | Reached **** piety under Cheibriados
  9616 | D:9      | Found a staircase to the Lair.
  9742 | D:9      | Noticed a two-headed ogre
  9756 | D:9      | Killed a two-headed ogre
  9756 | D:9      | Reached XP level 11. HP: 52/68 MP: 12/16
  9947 | D:9      | Learned a level 4 spell: Ice Form
 10362 | D:5      | Bought a scroll of acquirement for 520 gold pieces
 10382 | D:5      | Gained mutation: Your spells are a little harder to cast,
                  | but a little more powerful. [potion of mutation]
 10382 | D:5      | Gained mutation: You evolve. [potion of mutation]
 10382 | D:5      | Gained mutation: One of your tentacles bears a spike.
                  | [potion of mutation]
 10383 | D:5      | Lost mutation: One of your tentacles bears a spike. [potion
                  | of mutation]
 10383 | D:5      | Lost mutation: You evolve. [potion of mutation]
 10383 | D:5      | Lost mutation: Your spells are a little harder to cast, but
                  | a little more powerful. [potion of mutation]
 10383 | D:5      | Gained mutation: You are partially covered in rugged brown
                  | scales. (AC +1, +3% HP) [potion of mutation]
 10383 | D:5      | Gained mutation: You passively map a small area around you.
                  | [potion of mutation]
 10383 | D:5      | Gained mutation: You are clumsy. (Dex -2) [potion of
                  | mutation]
 10383 | D:5      | Gained mutation: Your mind is acute. (Int +2) [potion of
                  | mutation]
 10723 | D:10     | Entered Level 10 of the Dungeon
 10906 | D:10     | Found a staircase to the Orcish Mines.
 11309 | D:10     | Reached skill level 5 in Invocations
 11496 | D:11     | Found Loibboci's Magic Scroll Emporium.
 11549 | D:11     | Reached ***** piety under Cheibriados
 11619 | D:11     | Reached skill level 1 in Ice Magic
 11657 | D:11     | Reached skill level 5 in Fighting
 11725 | Lair:1   | Entered Level 1 of the Lair of Beasts
 12664 | Lair:2   | Reached XP level 12. HP: 58/79 MP: 18/18
 12697 | Lair:2   | Found a frozen archway.
 12716 | IceCv    | Entered an ice cave
 12994 | IceCv    | Noticed a reaper
 13651 | IceCv    | Demolished by a reaper

Skill      XL: |  1  2  3  4  5  6  7  8  9 10 11 12 |
---------------+-------------------------------------+-----
Stealth        | 1 2 3 4 |  4.0
Dodging        | 3 4 5 8 9 |  9.0
Transmutations | 3 4 5 8 10 11 | 11.0
Unarmed Combat | 4 5 6 8 9 |  9.0
Poison Magic   | 1 3 |  3.0
Invocations    | 3 7 8 |  8.7
Fighting       | 3 5 |  5.0
Spellcasting   | 3 4 |  4.0
Ice Magic      | 1 |  1.0

Action                   |  1- 3 |  4- 6 |  7- 9 | 10-12 || total
-------------------------+-------+-------+-------+-------++-------
Melee: Unarmed           |    75 |   145 |   409 |   370 ||   999
       Constrict         |    18 |    33 |    71 |    31 ||   153
       Tentacles         |    11 |    21 |    54 |    44 ||   130
       Kick              |     6 |    32 |    65 |       ||   103
       Punch             |     1 |     1 |    11 |    19 ||    32
 Cast: Beastly Appendage |    12 |    27 |    41 |       ||    80
       Sticks to Snakes  |       |       |     9 |     2 ||    11
       Spider Form       |       |       |    10 |     1 ||    11
       Blade Hands       |       |       |     6 |    28 ||    34
       Ice Form          |       |       |       |    14 ||    14
  Use: Scroll            |       |       |     8 |    18 ||    26
       Potion            |       |       |     1 |     6 ||     7
 Stab: Sleeping          |     4 |     8 |    15 |     9 ||    36
       Distracted        |       |       |     1 |     1 ||     2
  Eat: Chunk             |       |     8 |    12 |    19 ||    39
       Ration            |       |       |     2 |     1 ||     3
Armor: Skin              |    15 |    38 |   104 |    97 ||   254
Dodge: Dodged            |    69 |    67 |   363 |   318 ||   817
